 Dungeon Crawl Stone Soup version 0.26-a0-707-g31817bcca1 (webtiles) character file.

Game seed: 16606886544101218142

626 dickylongcocking the Chiller (level 7, -1/53 HPs)
             Began as a Merfolk Ice Elementalist on Oct 26, 2020.
             Slain by a shadow imp (6 damage)
             ... on level 5 of the Dungeon.
             The game lasted 00:04:15 (4767 turns).

dickylongcocking the Chiller (MfIE)                 Turns: 4767, Time: 00:04:15

Health: -1/53      AC:  3    Str:  8    XL:     7   Next: 47%
Magic:  10/10      EV: 28    Int: 16    God:
Gold:   169        SH:  0    Dex: 15    Spells: 6/10 levels left

rFire    + . .     SeeInvis .   n - +0 spear
rCold    + . .     Faith    .   (no shield)
rNeg     . . .     Spirit   .   a - +0 robe
rPois    +         Reflect  .   (no helmet)
rElec    +         Harm     .   i - +0 cloak
rCorr    +         Rampage  .   (no gloves)
MR       .....                  (no boots)
Stlth    ++........             m - amulet of the acrobat
HPRegen  0.17/turn              (no ring)
MPRegen  0.12/turn              (no ring)

@: mighty, lethally poisoned (-1 -> -3), resistant, marked, acrobat
A: change form in water, swift swim, stealthy swim
a: no special abilities


You were on level 5 of the Dungeon.
You visited 1 branch of the dungeon, and saw 5 of its levels.

You collected 169 gold pieces.

Inventory:

Hand Weapons
 n - a +0 spear (weapon)
Armour
 a - a +0 robe (worn)
 e - a +0 pair of gloves
 i - a +0 cloak (worn)
Jewellery
 m - an amulet of the acrobat (around neck)
 o - an uncursed amulet of faith
 s - an uncursed amulet of regeneration {unknown}
Scrolls
 c - 7 scrolls of remove curse {unknown}
 f - a scroll of fear {unknown}
 g - a scroll of amnesia {unknown}
 h - a scroll of random uselessness {unknown}
 k - 3 scrolls of fog {unknown}
 l - 12 scrolls of identify {unknown}
 p - 2 scrolls of immolation {unknown}
 r - a scroll of teleportation {unknown}
Potions
 b - a potion of magic


   Skills:
 + Level 3.9 Fighting
 * Level 4.5 Polearms
 - Level 2.7 Dodging
 - Level 2.2 Stealth
 - Level 2.0 Spellcasting
 * Level 7.9 Ice Magic


You had 6 spell levels left.
You knew the following spells:

 Your Spells              Type           Power        Failure   Level
a - Freeze                Ice            ####         1%          1
f - Frozen Ramparts       Ice            ####..       2%          3

Your spell library contained the following spells:

 Spells                   Type           Power        Failure   Level
 Ozocubu's Armour         Ice            ####....     2%          3
 Hailstorm                Conj/Ice       ##......     38%         4
 Summon Ice Beast         Ice/Summ       ##......     38%         4


Dungeon Overview and Level Annotations

Branches:
Dungeon (5/15)
 Temple: D:4-7

Altars:
Fedhas

Shops:
D:4 [


Message History

You closely miss the adder skeleton.
The frozen ramparts melt away.
The adder skeleton misses you.
You hit the adder skeleton.
The adder skeleton is moderately damaged.
You feel sick. The adder skeleton barely misses you.
You closely miss the adder skeleton.
The adder skeleton is moderately damaged.
The adder skeleton barely misses you.
You hit the adder skeleton.
The adder skeleton is severely damaged.
The adder skeleton bites you but does no damage.
The shadow imp hits you.
* * * LOW HITPOINT WARNING * * *
Unknown command.
You feel sick.
Okay, then.
You hit the adder skeleton.
You destroy the adder skeleton!
The shadow imp hits you.
You die...

#### #######.. .
#.....#.######
....##+###@#.#....#
.....†...5)†.#.##.#
..........##..<...#
..........##.######
....?.....##.......#
.........$########.#
..........#
######..... #######


You could see a shadow imp.

Vanquished Creatures
  Menkaure (D:5)
  An ogre (D:2)
  A centaur (D:5)
  A scorpion (D:4)
  An orc wizard (D:3)
  An iguana (D:5)
  3 worker ants
  A gnoll (D:1)
  6 adders
  An ooze (D:1)
  3 worms
  An adder skeleton (D:5)
  4 dart slugs
  A leopard gecko (D:3)
  5 orcs
  2 giant cockroaches (D:1)
  6 goblins
  10 hobgoblins
  9 jackals
  A quokka (D:2)
  11 bats
  2 frilled lizards
  A jackal skeleton (D:5)
  4 kobolds
  7 rats
84 creatures vanquished.

Notes
Turn   | Place    | Note
-------+----------+-------------------------------------------
     0 | D:1      | dickylongcocking the Merfolk Ice Elementalist began the
                  | quest for the Orb.
     0 | D:1      | Reached XP level 1. HP: 13/13 MP: 3/3
    71 | D:1      | Reached skill level 5 in Ice Magic
    71 | D:1      | Reached XP level 2. HP: 11/19 MP: 0/5
   533 | D:1      | Reached XP level 3. HP: 23/25 MP: 1/6
   538 | D:1      | Learned a level 3 spell: Frozen Ramparts
   706 | D:1      | Reached skill level 1 in Fighting
  1492 | D:2      | Reached XP level 4. HP: 20/32 MP: 3/7
  1995 | D:2      | Noticed an ogre
  2013 | D:2      | Killed an ogre
  2013 | D:2      | Reached skill level 6 in Ice Magic
  2013 | D:2      | Reached XP level 5. HP: 39/39 MP: 1/8
  2396 | D:2      | Found a faded altar of an unknown god.
  2968 | D:3      | Reached XP level 6. HP: 36/47 MP: 1/9
  3118 | D:3      | Reached skill level 7 in Ice Magic
  3224 | D:3      | Reached skill level 1 in Polearms
  3968 | D:4      | Found a blossoming altar of Fedhas.
  4320 | D:4      | Found Xine's Armour Shoppe.
  4574 | D:5      | Entered Level 5 of the Dungeon
  4579 | D:5      | Noticed Menkaure
  4590 | D:5      | Killed Menkaure
  4590 | D:5      | Reached XP level 7. HP: 34/53 MP: 5/10
  4767 | D:5      | Slain by a shadow imp

Illustrated notes

Levels and vault maps discovered:
D:1:      roderic_dead_forest, layout_basic
D:2:      layout_loops_cross, chequers_ecumenical_altar_grove
D:3:      layout_loops_ring
D:4:      layout_loops_ring, serial_shops, nicolae_shop_stone, fedhas_altar_2
D:5:      layout_basic, uniq_menkaure

Skill      XL: |  1  2  3  4  5  6  7 |
---------------+----------------------+-----
Ice Magic      | 5 6 7 |  7.9
Fighting       | 1 2 3 |  3.9
Polearms       | 3 4 |  4.5
Dodging        | |  2.7
Stealth        | |  2.2
Spellcasting   | |  2.0

Action                   |  1- 3 |  4- 6 |  7- 9 || total
-------------------------+-------+-------+-------++-------
Melee: Unarmed           |    22 |    21 |       ||    43
       Spear             |       |    24 |    16 ||    40
 Cast: Freeze            |    28 |    10 |     1 ||    39
       Frozen Ramparts   |    11 |    39 |     3 ||    53
  Use: Potion            |       |     2 |     3 ||     5
Armor: Robe              |     9 |    17 |     2 ||    28
Dodge: Dodged            |    35 |    52 |    16 ||   103

Table legend: (Time is in decaauts)
 A = Elapsed time spent in this place.
 B = Non-inter-level travel time spent in this place.
 C = Inter-level travel time spent in this place.
 D = Time resting spent in this place.
 E = Time spent auto-exploring this place.
 F = Levels seen in this place.
 G = Mean time per level.
                   A        B        C        D        E       F      G
               +--------+--------+--------+--------+--------+-----+--------+
         Total |   4763 |   4672 |     91 |    594 |   3331 |   5 |  952.6 |
       Dungeon |   4763 |   4672 |     91 |    594 |   3331 |   5 |  952.6 |
               +--------+--------+--------+--------+--------+-----+--------+

Top non-repeatable levels by time:
     D:1: 1474 daAuts
     D:2: 1205 daAuts
     D:3: 1134 daAuts
     D:4: 757 daAuts
     D:5: 190 daAuts
